[Event "DVM U10 2024"]
[Site "Duesseldorf"]
[Date "2024.12.28"]
[Round "6"]
[White "Breaz, Albert"]
[Black "Dombert, Johannes"]
[Result "0-1"]
[ECO "C47"]
[WhiteElo "1494"]
[BlackElo "1611"]
[Annotator "NA RC"]
[PlyCount "66"]
[EventDate "2024.12.23"]
[EventType "team-tourn"]
[EventRounds "7"]
[EventCountry "GER"]
[SourceTitle "playchess.com"]
[Source "ChessBase"]
[SourceQuality "1"]
[TimeControl "3300+5"]

1. e4 e5 2. Nf3 Nf6 3. Nc3 Nc6 4. d4 exd4 5. Nxd4 Bb4 6. Bg5 h6 7. Bh4 g5 8. Bg3 Nxe4 9. Ndb5 Nxc3 10. bxc3 Ba5 11. Qe2+ Kf8 12. Qf3 a6 13. Bc4 Qe7+ 14. Kd1 axb5 15. Re1 bxc4 16. Rxe7 Nxe7 17. Qf6 Rh7 18. f4 Nd5 19. Qd8+ Kg7 20. fxg5 Nxc3+ 21. Ke1 Ne4+ 22. Kd1 hxg5 23. Bxc7 Bxc7 24. Qxc7 d5 25. Qe5+ Kg6 26. Ke1 Be6 27. h3 Rhh8 28. Rb1 Rhe8 29. Rxb7 Bxh3 30. Rb6+ f6 31. Qd4 Bxg2 32. Qg1 Bf3 33. Rc6 Rxa2 0-1

[Event "DVM U10 2024"]
[Site "Duesseldorf"]
[Date "2024.12.28"]
[Round "6"]
[White "Bienbeck, Matthis"]
[Black "Ni, Wilhelm Zeyin"]
[Result "1-0"]
[ECO "B00"]
[WhiteElo "1490"]
[BlackElo "1611"]
[Annotator "NA RC"]
[PlyCount "83"]
[EventDate "2024.12.23"]
[EventType "team-tourn"]
[EventRounds "7"]
[EventCountry "GER"]
[SourceTitle "playchess.com"]
[Source "ChessBase"]
[SourceQuality "1"]
[TimeControl "3300+5"]

1. e4 Nc6 2. d4 d5 3. e5 Bf5 4. Nf3 e6 5. Bd3 Bxd3 6. Qxd3 Nge7 7. c3 g6 8. Nbd2 Bg7 9. Nf1 O-O 10. Ne3 f6 11. exf6 Bxf6 12. Ng4 Bg7 13. Bg5 Qd6 14. O-O-O Nf5 15. Qd2 a5 16. Bf4 Qe7 17. Rhe1 b5 18. Kc2 b4 19. Bh6 Rfb8 20. Bxg7 Kxg7 21. Ng5 Nd8 22. Qf4 bxc3 23. Qe5+ Kg8 24. Nf6+ Kh8 25. Nxd5+ Qg7 26. Qxg7+ Kxg7 27. Nxc3 Ra6 28. Nf3 Rb4 29. a3 Rbb6 30. d5 exd5 31. Rxd5 Nf7 32. Rd7 Rc6 33. Ne5 Rf6 34. Nxf7 Rxf7 35. Red1 Rd6 36. Rxf7+ Kxf7 37. Rxd6 Nxd6 38. Kd3 c6 39. Ne4 Nxe4 40. Kxe4 Ke6 41. b4 a4 42. Kd4 1-0

[Event "DVM U10 2024"]
[Site "Duesseldorf"]
[Date "2024.12.28"]
[Round "6"]
[White "Gheng, Hannes Lucas"]
[Black "Balla, Virinchi"]
[Result "0-1"]
[ECO "B21"]
[WhiteElo "1482"]
[BlackElo "1123"]
[Annotator "NA RC"]
[PlyCount "84"]
[EventDate "2024.12.23"]
[EventType "team-tourn"]
[EventRounds "7"]
[EventCountry "GER"]
[SourceTitle "playchess.com"]
[Source "ChessBase"]
[SourceQuality "1"]
[TimeControl "3300+5"]

1. e4 c5 2. d4 cxd4 3. c3 dxc3 4. Nxc3 Nc6 5. Bc4 e6 6. Nf3 Nf6 7. e5 Ng4 8. Bf4 Qc7 9. O-O Ngxe5 10. Nb5 Qb8 11. Re1 d6 12. Nxe5 Nxe5 13. Bxe5 dxe5 14. Qd3 Be7 15. Qg3 O-O 16. Qh3 a6 17. Nc3 b5 18. Bd3 g6 19. Re3 f5 20. Qh6 Rf7 21. Rae1 Bf8 22. Qh4 Bg7 23. Rh3 Bf8 24. Ree3 Rg7 25. Reg3 Raa7 26. Bc2 Qc7 27. Qh6 b4 28. Bxf5 exf5 29. Nd5 Qd6 30. Rd3 e4 31. Rd1 Qe5 32. Nb6 Be6 33. Re1 Rgb7 34. Qh4 Rxb6 35. f4 Qxb2 36. Kh1 Qg7 37. Qf2 Rab7 38. Rb1 b3 39. a3 Bxa3 40. Rd1 Be7 41. Qe3 b2 42. Rb1 Ba2 0-1

[Event "DVM U10 2024"]
[Site "Duesseldorf"]
[Date "2024.12.28"]
[Round "6"]
[White "Huang, Flora Yueya"]
[Black "Busch, Jonathan Luis"]
[Result "1-0"]
[ECO "A52"]
[WhiteElo "1481"]
[BlackElo "1655"]
[Annotator "NA RC"]
[PlyCount "131"]
[EventDate "2024.12.23"]
[EventType "team-tourn"]
[EventRounds "7"]
[EventCountry "GER"]
[SourceTitle "playchess.com"]
[Source "ChessBase"]
[SourceQuality "1"]
[TimeControl "3300+5"]

1. d4 Nf6 2. c4 e5 3. dxe5 Ng4 4. Nf3 Bc5 5. e3 Nc6 6. Nc3 Ngxe5 7. Nxe5 Nxe5 8. a3 a5 9. Ne4 Be7 10. Be2 O-O 11. O-O d6 12. b3 Be6 13. Bb2 f5 14. Nc3 f4 15. exf4 Rxf4 16. Nd5 Rf5 17. Bxe5 Rxe5 18. f4 Rf5 19. Bg4 Qd7 20. Bxf5 Bxf5 21. Nxe7+ Qxe7 22. Qd5+ Qe6 23. Qxe6+ Bxe6 24. f5 Bf7 25. Rfe1 Kf8 26. g4 a4 27. b4 Bxc4 28. Rac1 b5 29. Kf2 Kf7 30. Re3 Ra7 31. g5 c6 32. Kg3 Rd7 33. Kf4 Bd5 34. h4 Bc4 35. Rd1 Bb3 36. Rd2 Bc4 37. h5 Bb3 38. g6+ hxg6 39. fxg6+ Kf8 40. Kg5 Rd8 41. h6 gxh6+ 42. Kxh6 Kg8 43. Rde2 Kf8 44. g7+ Kf7 45. Re7+ Kf6 46. Kh7 Bg8+ 47. Kh6 Bf7 48. R7e3 Bg6 49. Re6+ Kf5 50. Rxg6 c5 51. bxc5 dxc5 52. Rg5+ Kf6 53. g8=Q Rxg8 54. Rxg8 b4 55. axb4 cxb4 56. Rg4 Kf5 57. Rxb4 a3 58. Ra2 Ke5 59. Rxa3 Kd6 60. Ra5 Kc6 61. Rg5 Kc7 62. Rf4 Kd6 63. Rf6+ Ke7 64. Ra6 Kd7 65. Rg7+ Kc8 66. Ra8# 1-0

[Event "DVM U10 2024"]
[Site "Duesseldorf"]
[Date "2024.12.28"]
[Round "6"]
[White "von Gehlen, Elian"]
[Black "Dintinger, Ata Lucien"]
[Result "1-0"]
[ECO "C29"]
[WhiteElo "1464"]
[BlackElo "1511"]
[Annotator "NA RC"]
[PlyCount "50"]
[EventDate "2024.12.23"]
[EventType "team-tourn"]
[EventRounds "7"]
[EventCountry "GER"]
[SourceTitle "playchess.com"]
[Source "ChessBase"]
[SourceQuality "1"]
[TimeControl "3300+5"]

1. e4 e5 2. Nc3 Nf6 3. f4 d5 4. fxe5 Nxe4 5. Qf3 Bc5 6. d3 Nf2 7. Na4 Bg4 8. Qg3 Qe7 9. Nxc5 Qxc5 10. Qxf2 d4 11. Bf4 g5 12. Bg3 h5 13. Qf6 Rg8 14. Rc1 Rg6 15. Qh8+ Ke7 16. h3 Be6 17. h4 Bxa2 18. hxg5 Qb4+ 19. Kd1 Qxb2 20. Qc8 Rc6 21. Bh4 f6 22. exf6+ Kf7 23. Be2 Kg6 24. Bxh5+ Kxh5 25. Qf5 Rxf6 1-0

[Event "DVM U10 2024"]
[Site "Duesseldorf"]
[Date "2024.12.28"]
[Round "6"]
[White "von Gehlen, Samuel"]
[Black "Steffen, Leon"]
[Result "1-0"]
[ECO "C50"]
[WhiteElo "1459"]
[BlackElo "1058"]
[Annotator "NA RC"]
[PlyCount "35"]
[EventDate "2024.12.23"]
[EventType "team-tourn"]
[EventRounds "7"]
[EventCountry "GER"]
[SourceTitle "playchess.com"]
[Source "ChessBase"]
[SourceQuality "1"]
[TimeControl "3300+5"]

1. e4 e5 2. Nc3 Bc5 3. Bc4 Nf6 4. Nf3 Nc6 5. d3 d6 6. Bg5 O-O 7. Nd5 a6 8. Nxf6+ gxf6 9. Bh6 Re8 10. Nh4 Nd4 11. c3 Nc6 12. Nf5 Bxf5 13. exf5 Ne7 14. Qg4+ Ng6 15. fxg6 hxg6 16. Qxg6+ Kh8 17. Bg7+ Kg8 18. Bxf7# 1-0

[Event "DVM U10 2024"]
[Site "Duesseldorf"]
[Date "2024.12.28"]
[Round "6"]
[White "Wilting, Oskar"]
[Black "Götz, Georg"]
[Result "1-0"]
[ECO "D00"]
[WhiteElo "1454"]
[BlackElo "1284"]
[Annotator "NA"]
[PlyCount "97"]
[EventDate "2024.12.23"]
[EventType "team-tourn"]
[EventRounds "7"]
[EventCountry "GER"]
[SourceTitle "playchess.com"]
[Source "ChessBase"]
[SourceQuality "1"]
[TimeControl "3300+5"]

1. d4 d5 2. Nc3 Nf6 3. Bf4 c6 4. e3 Bf5 5. f3 e6 6. g4 Bg6 7. h4 h6 8. Bd3 Bxd3 9. Qxd3 Bd6 10. Nge2 Rh7 11. O-O-O Bxf4 12. exf4 Nbd7 13. g5 hxg5 14. fxg5 b5 15. gxf6 Nxf6 16. Rdg1 a5 17. Kd2 Qd6 18. Qe3 Rd8 19. Ng3 b4 20. Na4 Rb8 21. Nf5 Ne4+ 22. Qxe4 Qh2+ 23. Rxh2 dxe4 24. Nd6+ Ke7 25. Nxe4 b3 26. axb3 Rb4 27. Kc3 Rb8 28. Nac5 g6 29. Rgh1 f5 30. Ng5 Rhh8 31. Ngxe6 Rhe8 32. h5 gxh5 33. Rxh5 Kd6 34. Rxf5 Rxe6 35. Nxe6 Kxe6 36. Re5+ Kd7 37. Kd3 Re8 38. Rxe8 Kxe8 39. Re1+ Kf7 40. Kc4 Kf6 41. Kc5 a4 42. bxa4 Kf5 43. a5 Kf4 44. a6 Kxf3 45. a7 Kf4 46. a8=Q Kf5 47. Qf8+ Kg4 48. Rg1+ Kh3 49. Qh6# 1-0

[Event "DVM U10 2024"]
[Site "Duesseldorf"]
[Date "2024.12.28"]
[Round "6"]
[White "Trunz, Daniel"]
[Black "Liu, Mio Runhan"]
[Result "0-1"]
[ECO "C44"]
[WhiteElo "1440"]
[BlackElo "1198"]
[Annotator "NA RC"]
[PlyCount "50"]
[EventDate "2024.12.23"]
[EventType "team-tourn"]
[EventRounds "7"]
[EventCountry "GER"]
[SourceTitle "playchess.com"]
[Source "ChessBase"]
[SourceQuality "1"]
[TimeControl "3300+5"]

1. e4 e5 2. Nf3 Nc6 3. d4 exd4 4. Bc4 Bb4+ 5. c3 Bc5 6. O-O Nf6 7. e5 d5 8. Bb5 Ne4 9. cxd4 Bb6 10. Qc2 Bd7 11. Nbd2 Nxd2 12. Qxd2 O-O 13. Qf4 f6 14. Qg3 Nxd4 15. exf6 Nf5 16. Qg4 Bxb5 17. Nh4 Qxf6 18. Nxf5 Qxf5 19. Qxf5 Rxf5 20. Be3 Bxf1 21. Bxb6 axb6 22. Kxf1 c5 23. a3 Raf8 24. f3 g5 25. Re1 g4 0-1

[Event "DVM U10 2024"]
[Site "Duesseldorf"]
[Date "2024.12.28"]
[Round "6"]
[White "Vlad, Mark"]
[Black "Kukhtichev, Maksim"]
[Result "1-0"]
[ECO "C58"]
[WhiteElo "1439"]
[BlackElo "1639"]
[Annotator "NA RC"]
[PlyCount "89"]
[EventDate "2024.12.23"]
[EventType "team-tourn"]
[EventRounds "7"]
[EventCountry "GER"]
[SourceTitle "playchess.com"]
[Source "ChessBase"]
[SourceQuality "1"]
[TimeControl "3300+5"]

1. e4 e5 2. Nf3 Nc6 3. Bc4 Nf6 4. Ng5 d5 5. exd5 Na5 6. Bb5+ c6 7. dxc6 bxc6 8. Bd3 Bc5 9. O-O O-O 10. a3 Nb7 11. Nc3 Bd4 12. Nge4 Bxc3 13. Nxf6+ Qxf6 14. dxc3 Rd8 15. Qe2 Nd6 16. f4 e4 17. Bc4 Qg6 18. Ba2 Kh8 19. Bd2 Bg4 20. Qf2 Nf5 21. Be3 Nh4 22. Qxh4 Rdb8 23. Bb3 Rb5 24. Bxf7 Qxf7 25. Qxg4 Rxb2 26. Rad1 Rxc2 27. Rd7 Qg6 28. Qxg6 hxg6 29. Bd4 Kh7 30. Rxg7+ Kh6 31. Re7 Rb8 32. Rxe4 Rbb2 33. Bf2 Rxc3 34. Re3 Rcc2 35. Rg3 c5 36. Be3 c4 37. f5+ Kg7 38. Bd4+ Kf7 39. fxg6+ Kg8 40. Bxb2 c3 41. Bxc3 a5 42. g7 a4 43. Rf8+ Kh7 44. g8=Q+ Kh6 45. Qg6# 1-0

[Event "DVM U10 2024"]
[Site "Duesseldorf"]
[Date "2024.12.28"]
[Round "6"]
[White "Essers, Mathilda Marie"]
[Black "Satheesh, Dharshini"]
[Result "0-1"]
[ECO "D02"]
[WhiteElo "1435"]
[BlackElo "1643"]
[Annotator "NA RC"]
[PlyCount "118"]
[EventDate "2024.12.23"]
[EventType "team-tourn"]
[EventRounds "7"]
[EventCountry "GER"]
[SourceTitle "playchess.com"]
[Source "ChessBase"]
[SourceQuality "1"]
[TimeControl "3300+5"]

1. d4 d5 2. Nf3 Nf6 3. c3 e6 4. Bf4 c5 5. e3 Bd6 6. Bg3 Nc6 7. Be2 O-O 8. Nbd2 Re8 9. O-O e5 10. dxe5 Nxe5 11. Nxe5 Bxe5 12. Bxe5 Rxe5 13. Nf3 Re8 14. h3 Bf5 15. Qb3 Qb6 16. c4 Be4 17. cxd5 Bxd5 18. Qa3 Rac8 19. b3 c4 20. bxc4 Bxc4 21. Bxc4 Rxc4 22. Qd3 Rec8 23. Ne5 Rc3 24. Qb1 Qc7 25. Nf3 g6 26. Nd4 a6 27. Ne2 Rc2 28. Re1 Qe7 29. Kf1 Ne4 30. Kg1 Rxe2 31. Rxe2 Nc3 32. Qe1 Nxe2+ 33. Qxe2 Qe5 34. Rd1 Qe6 35. f4 Re8 36. Re1 Rd8 37. e4 Qb6+ 38. Qf2 Qxf2+ 39. Kxf2 Rd2+ 40. Re2 Rxe2+ 41. Kxe2 Kf8 42. f5 f6 43. g4 Ke7 44. Kf3 b5 45. h4 b4 46. g5 a5 47. gxf6+ Kxf6 48. fxg6 hxg6 49. Kf4 a4 50. e5+ Ke6 51. Kg5 b3 52. axb3 axb3 53. Kxg6 b2 54. Kg7 b1=Q 55. h5 Qb8 56. h6 Qxe5+ 57. Kg8 Qg5+ 58. Kh7 Kf7 59. Kh8 Qg8# 0-1

[Event "DVM U10 2024"]
[Site "Duesseldorf"]
[Date "2024.12.28"]
[Round "6"]
[White "Thotli, Jathin Krishna"]
[Black "Obermeier, Vitus"]
[Result "1-0"]
[ECO "B00"]
[WhiteElo "1422"]
[BlackElo "982"]
[Annotator "NA RC"]
[PlyCount "57"]
[EventDate "2024.12.23"]
[EventType "team-tourn"]
[EventRounds "7"]
[EventCountry "GER"]
[SourceTitle "playchess.com"]
[Source "ChessBase"]
[SourceQuality "1"]
[TimeControl "3300+5"]

1. e4 e6 2. Nf3 Nc6 3. Nc3 Bb4 4. d4 Bxc3+ 5. bxc3 Nf6 6. e5 Nd5 7. c4 Nc3 8. Qd3 Na4 9. Qb3 Nb6 10. Ng5 Nxd4 11. Qd3 Nc6 12. Qf3 Nxe5 13. Qf4 Qf6 14. Qd4 c5 15. Qe4 d5 16. cxd5 exd5 17. Bb5+ Nbd7 18. Bxd7+ Bxd7 19. Qxd5 Rd8 20. O-O h6 21. Ne4 Qf5 22. Nd6+ Ke7 23. Nxf5+ Bxf5 24. Qxe5+ Be6 25. Qxc5+ Ke8 26. Ba3 Rd7 27. Rfd1 Rxd1+ 28. Rxd1 Rf8 29. Qxf8# 1-0

[Event "DVM U10 2024"]
[Site "Duesseldorf"]
[Date "2024.12.28"]
[Round "6"]
[White "Benischke, Moritz"]
[Black "Pawlus, Daniel"]
[Result "0-1"]
[ECO "B07"]
[WhiteElo "1421"]
[BlackElo "1521"]
[Annotator "NA RC"]
[PlyCount "102"]
[EventDate "2024.12.23"]
[EventType "team-tourn"]
[EventRounds "7"]
[EventCountry "GER"]
[SourceTitle "playchess.com"]
[Source "ChessBase"]
[SourceQuality "1"]
[TimeControl "3300+5"]

1. d4 d6 2. e4 e5 3. dxe5 dxe5 4. Qxd8+ Kxd8 5. Nf3 f6 6. Bc4 c6 7. O-O Bg4 8. Be2 Kc7 9. Nc3 Nd7 10. h3 Be6 11. Be3 Bc5 12. Bd2 Rd8 13. Na4 Ne7 14. c4 Ng6 15. Nxc5 Nxc5 16. Be3 Nxe4 17. Bxa7 b6 18. c5 Nxc5 19. b4 Ne4 20. a4 Ra8 21. a5 Rxa7 22. axb6+ Kxb6 23. Rac1 Nf4 24. Rfe1 Nxe2+ 25. Rxe2 Nd6 26. Rec2 Bd5 27. Rd2 Ra4 28. Rb1 Kb5 29. Rbd1 Rxb4 30. Ne1 Rd8 31. Nd3 Rd4 32. Rb1+ Ka5 33. Rdb2 Be4 34. Ra1+ Ra4 35. Rd1 Bxd3 36. Rxd3 Nc4 37. Rxd8 Nxb2 38. Rd7 c5 39. Rxg7 c4 40. Rxh7 c3 41. Ra7+ Kb5 42. Rb7+ Kc6 43. Rf7 c2 44. Rxf6+ Kd5 45. g4 c1=Q+ 46. Kg2 Rf4 47. Rh6 Qd2 48. Rd6+ Kxd6 49. h4 Rxf2+ 50. Kg3 Qf4+ 51. Kh3 Rh2# 0-1

[Event "DVM U10 2024"]
[Site "Duesseldorf"]
[Date "2024.12.28"]
[Round "6"]
[White "Wittenberger, Henri"]
[Black "Wessels, Keke"]
[Result "0-1"]
[ECO "A36"]
[WhiteElo "1421"]
[BlackElo "1568"]
[Annotator "NA RC"]
[PlyCount "129"]
[EventDate "2024.12.23"]
[EventType "team-tourn"]
[EventRounds "7"]
[EventCountry "GER"]
[SourceTitle "playchess.com"]
[Source "ChessBase"]
[SourceQuality "1"]
[TimeControl "3300+5"]

1. e4 c5 2. c4 e6 3. Nc3 Nc6 4. Nge2 g6 5. g3 Bg7 6. Bg2 a6 7. d3 Nge7 8. O-O O-O 9. h3 Qc7 10. Kh2 Rb8 11. f4 Nd4 12. Kh1 Nec6 13. g4 Re8 14. f5 exf5 15. gxf5 gxf5 16. exf5 Be5 17. Nxd4 Bxd4 18. Qg4+ Kh8 19. Nd5 Qd8 20. Bg5 f6 21. Bxf6+ Bxf6 22. Nxf6 Qxf6 23. Bd5 d6 24. Rf2 Bd7 25. Qh5 Nd4 26. Rg1 Bc6 27. Rg6 Bxd5+ 28. cxd5 Re1+ 29. Kg2 Rg8 30. Rxg8+ Kxg8 31. Qg4+ Qg7 32. Qxg7+ Kxg7 33. f6+ Kf7 34. Kg3 Re3+ 35. Kg4 Rxd3 36. h4 Re3 37. Kh5 Re5+ 38. Kh6 Rf5 39. Rg2 Kxf6 40. Kxh7 Rh5+ 41. Kg8 Rxh4 42. Rg7 b5 43. Ra7 Rg4+ 44. Kf8 Rh4 45. Kg8 Rh5 46. Rxa6 Rxd5 47. Kf8 Rh5 48. Ke8 Rh8+ 49. Kd7 Nf5 50. Kc7 Ke5 51. Kc6 Nd4+ 52. Kd7 Rh7+ 53. Kc8 d5 54. Ra3 b4 55. Re3+ Kf4 56. Re8 Nf5 57. Rd8 d4 58. a3 bxa3 59. bxa3 Ra7 60. Re8 Nd6+ 61. Kd8 Ra8+ 62. Kd7 Nxe8 63. Kc6 Rxa3 64. Kxc5 d3 65. Kd4 0-1

[Event "DVM U10 2024"]
[Site "Duesseldorf"]
[Date "2024.12.28"]
[Round "6"]
[White "Karabetyan, Levon"]
[Black "Stopp, Bruno"]
[Result "0-1"]
[ECO "C60"]
[WhiteElo "1230"]
[BlackElo "1519"]
[Annotator "NA RC"]
[PlyCount "124"]
[EventDate "2024.12.23"]
[EventType "team-tourn"]
[EventRounds "7"]
[EventCountry "GER"]
[SourceTitle "playchess.com"]
[Source "ChessBase"]
[SourceQuality "1"]
[TimeControl "3300+5"]

1. e4 e5 2. Nf3 Nc6 3. Bb5 Nge7 4. O-O g6 5. Nc3 Bg7 6. d3 h6 7. Be3 O-O 8. Qd2 Kh7 9. Rfe1 d5 10. exd5 Nxd5 11. Nxd5 Qxd5 12. Bc4 Qd6 13. c3 Bg4 14. Qe2 f5 15. h3 Bh5 16. Rad1 Qf6 17. Bd5 Ne7 18. Bxb7 Rab8 19. Bxa7 Rxb7 20. Be3 Qa6 21. a3 Nc6 22. Kh1 e4 23. dxe4 Qxe2 24. Rxe2 fxe4 25. g4 exf3 26. Ree1 Bxg4 27. hxg4 Rxb2 28. Rb1 Rxb1 29. Rxb1 Rb8 30. Rxb8 Nxb8 31. c4 g5 32. Kh2 Be5+ 33. Kg1 Kg6 34. a4 Kf6 35. a5 Bc3 36. Kh2 Ke5 37. c5 Bxa5 38. Kg3 Ke4 39. Kh2 c6 40. Kg3 Bc7+ 41. Kh3 Bf4 42. Bd4 Be5 43. Be3 Bd4 44. Bxd4 Kxd4 45. Kg3 Ke4 46. Kh2 Nd7 47. Kg3 Nxc5 48. Kh2 Nd3 49. Kg3 Nxf2 50. Kxf2 Kf4 51. Kg1 Kxg4 52. Kf2 c5 53. Kf1 c4 54. Kf2 c3 55. Ke3 c2 56. Kd4 c1=Q 57. Kd5 f2 58. Kd6 f1=R 59. Kd5 Rd1+ 60. Ke6 Qe3+ 61. Kf7 Rf1+ 62. Kg6 Qe6+ 0-1

[Event "DVM U10 2024"]
[Site "Duesseldorf"]
[Date "2024.12.28"]
[Round "6"]
[White "Wüstenberg, Jan"]
[Black "Städler, Jannis"]
[Result "1-0"]
[ECO "C50"]
[WhiteElo "1221"]
[BlackElo "1082"]
[Annotator "NA RC"]
[PlyCount "75"]
[EventDate "2024.12.23"]
[EventType "team-tourn"]
[EventRounds "7"]
[EventCountry "GER"]
[SourceTitle "playchess.com"]
[Source "ChessBase"]
[SourceQuality "1"]
[TimeControl "3300+5"]

1. e4 e5 2. Nf3 Nf6 3. Bc4 Bc5 4. Nc3 O-O 5. d3 Ng4 6. O-O Nc6 7. Bg5 Nf6 8. Nd5 Be7 9. Nxe7+ Qxe7 10. Re1 d6 11. h3 h6 12. Bh4 Be6 13. Bb3 b5 14. a4 b4 15. Bc4 a5 16. Bb5 Bd7 17. c3 bxc3 18. bxc3 Na7 19. Bxf6 Qxf6 20. Bxd7 c6 21. Bg4 Rab8 22. Rb1 d5 23. exd5 cxd5 24. Rxe5 Rfd8 25. Qc2 Rxb1+ 26. Qxb1 Nc6 27. Rf5 Qxc3 28. Qb6 g6 29. Rf4 g5 30. Rf5 Rb8 31. Qc7 Rf8 32. Bh5 f6 33. Bg6 Qc1+ 34. Kh2 Ne7 35. Qxe7 Qc7+ 36. Qxc7 Rf7 37. Qxf7+ Kh8 38. Qh7# 1-0

[Event "DVM U10 2024"]
[Site "Duesseldorf"]
[Date "2024.12.28"]
[Round "6"]
[White "Nickel, Alexander"]
[Black "Breaz, Arthur"]
[Result "0-1"]
[ECO "C58"]
[WhiteElo "1200"]
[BlackElo "1123"]
[Annotator "NA RC"]
[PlyCount "44"]
[EventDate "2024.12.23"]
[EventType "team-tourn"]
[EventRounds "7"]
[EventCountry "GER"]
[SourceTitle "playchess.com"]
[Source "ChessBase"]
[SourceQuality "1"]
[TimeControl "3300+5"]

1. e4 e5 2. Nf3 Nc6 3. Bc4 Nf6 4. Ng5 d5 5. exd5 Na5 6. Bb5+ c6 7. dxc6 bxc6 8. Ba4 h6 9. Nf3 e4 10. Ne5 Bd6 11. Nxc6 Qd7 12. Nxa5 Qxa4 13. Nb3 Bb7 14. Nc3 Qd7 15. Qe2 O-O 16. O-O Rfe8 17. d4 exd3 18. Qxd3 Qc6 19. f3 Ba6 20. Qd1 Bxf1 21. Qxf1 Qb6+ 22. Qf2 Re1# 0-1

[Event "DVM U10 2024"]
[Site "Duesseldorf"]
[Date "2024.12.28"]
[Round "6"]
[White "Michelson, Nathan"]
[Black "Hübner, Jakob"]
[Result "0-1"]
[ECO "B45"]
[WhiteElo "1198"]
[BlackElo "1045"]
[Annotator "NA RC"]
[PlyCount "76"]
[EventDate "2024.12.23"]
[EventType "team-tourn"]
[EventRounds "7"]
[EventCountry "GER"]
[SourceTitle "playchess.com"]
[Source "ChessBase"]
[SourceQuality "1"]
[TimeControl "3300+5"]

1. e4 c5 2. Nf3 e6 3. d4 cxd4 4. Nxd4 Nc6 5. Nc3 Nf6 6. Bd3 Nxd4 7. e5 Nd5 8. Be4 Nc6 9. Nxd5 exd5 10. Bxd5 Nxe5 11. Qh5 Qa5+ 12. c3 Qxd5 13. O-O Qe6 14. Bf4 d6 15. Rfe1 Qf5 16. Qxf5 Bxf5 17. Bxe5 dxe5 18. Rxe5+ Be6 19. f4 Bd6 20. Re4 O-O 21. b4 Rac8 22. Rc1 Bxa2 23. Kh1 a5 24. bxa5 Ra8 25. Rd4 Bc5 26. Rd2 Be3 27. Rxa2 Bxc1 28. Ra1 Bb2 29. Rg1 Bxc3 30. f5 Rxa5 31. h3 Rfa8 32. Kh2 Ra2 33. f6 Be5+ 34. Kh1 Ra1 35. fxg7 Rxg1+ 36. Kxg1 Bg3 37. Kf1 Re8 38. h4 Re1# 0-1

[Event "DVM U10 2024"]
[Site "Duesseldorf"]
[Date "2024.12.28"]
[Round "6"]
[White "Klaus, Simon"]
[Black "Naveen, Yuvaan"]
[Result "1-0"]
[ECO "B07"]
[WhiteElo "1197"]
[BlackElo "1110"]
[Annotator "NA RC"]
[PlyCount "143"]
[EventDate "2024.12.23"]
[EventType "team-tourn"]
[EventRounds "7"]
[EventCountry "GER"]
[SourceTitle "playchess.com"]
[Source "ChessBase"]
[SourceQuality "1"]
[TimeControl "3300+5"]

1. e4 d6 2. d4 Nf6 3. Bd3 g6 4. f4 Bg7 5. Nf3 Bg4 6. O-O Nfd7 7. c3 e5 8. d5 exf4 9. Bxf4 Ne5 10. Bxe5 Bxe5 11. h3 Bxf3 12. Qxf3 Qe7 13. Nd2 Nd7 14. Bb5 Rf8 15. Nc4 Bg7 16. Bxd7+ Qxd7 17. Qf4 f5 18. Rae1 O-O-O 19. exf5 Qxf5 20. Qxf5+ Rxf5 21. Rxf5 gxf5 22. Re7 Rg8 23. Rf7 Kd8 24. Rxf5 Rf8 25. Rxf8+ Bxf8 26. Kf2 Ke7 27. Kf3 Kf7 28. Kg4 Kg6 29. Na5 b6 30. Nc6 a5 31. b3 h5+ 32. Kh4 Kh6 33. g4 hxg4 34. Kxg4 Bg7 35. c4 Bf6 36. Nb8 Kg6 37. Na6 Bd8 38. h4 Kh6 39. Kf5 Bxh4 40. Nxc7 Bd8 41. Nb5 Kg7 42. Ke6 Kf8 43. Nxd6 Bc7 44. Kd7 Bb8 45. Nc8 Kf7 46. Nxb6 Kf6 47. Ke8 Ba7 48. c5 Ke5 49. d6 Bxb6 50. cxb6 Kxd6 51. b7 Kc7 52. a4 Kxb7 53. Kd7 Kb6 54. Kd6 Kb7 55. Kc5 Ka6 56. Kc6 Ka7 57. Kb5 Kb7 58. Kxa5 Ka7 59. b4 Kb7 60. Kb5 Kb8 61. Kb6 Ka8 62. a5 Kb8 63. b5 Ka8 64. Kc7 Ka7 65. b6+ Ka6 66. b7 Kxa5 67. b8=Q Ka4 68. Kc6 Ka3 69. Kc5 Ka2 70. Kc4 Ka1 71. Kc3 Ka2 72. Qb2# 1-0

[Event "DVM U10 2024"]
[Site "Duesseldorf"]
[Date "2024.12.28"]
[Round "6"]
[White "Stentrup, Levi"]
[Black "Zhukov, Eli"]
[Result "1-0"]
[ECO "C10"]
[WhiteElo "1185"]
[BlackElo "1018"]
[Annotator "NA RC"]
[PlyCount "105"]
[EventDate "2024.12.23"]
[EventType "team-tourn"]
[EventRounds "7"]
[EventCountry "GER"]
[SourceTitle "playchess.com"]
[Source "ChessBase"]
[SourceQuality "1"]
[TimeControl "3300+5"]

1. e4 e5 2. Nf3 Nf6 3. Nxe5 d6 4. Nf3 Nxe4 5. d3 Nf6 6. Nc3 d5 7. d4 Nc6 8. Bf4 Bb4 9. Qd3 Bxc3+ 10. Qxc3 Bf5 11. O-O-O Qd7 12. Bb5 a6 13. Bxc6 Qxc6 14. Qxc6+ bxc6 15. Bxc7 Rc8 16. Bd6 Ne4 17. Rhe1 Kd7 18. Ne5+ Ke8 19. f3 Nxd6 20. Nc4+ Kd8 21. Nxd6 Rc7 22. Nxf5 g6 23. Ng3 Re8 24. Rxe8+ Kxe8 25. Re1+ Kd7 26. h4 h5 27. f4 f5 28. Re5 Ra7 29. Nxf5 gxf5 30. Rxf5 Ke6 31. Rxh5 Rf7 32. Re5+ Kf6 33. g4 Kg7 34. f5 Rf6 35. Re7+ Kf8 36. Re6 Rf7 37. Rxc6 Rh7 38. Rc8+ Kg7 39. Rc7+ Kh8 40. Rxh7+ Kxh7 41. g5 a5 42. h5 a4 43. f6 a3 44. f7 Kg7 45. g6 axb2+ 46. Kxb2 Kf8 47. h6 Ke7 48. h7 Kf6 49. f8=Q+ Kg5 50. h8=Q Kg4 51. Qhh6 Kg3 52. Qff4+ Kg2 53. Qhh2# 1-0

[Event "DVM U10 2024"]
[Site "Duesseldorf"]
[Date "2024.12.28"]
[Round "6"]
[White "Shandi, Hasan"]
[Black "von der Thüsen, Gottfried"]
[Result "1-0"]
[ECO "C45"]
[WhiteElo "1153"]
[BlackElo "1041"]
[Annotator "NA"]
[PlyCount "111"]
[EventDate "2024.12.23"]
[EventType "team-tourn"]
[EventRounds "7"]
[EventCountry "GER"]
[SourceTitle "playchess.com"]
[Source "ChessBase"]
[SourceQuality "1"]
[TimeControl "3300+5"]

1. e4 e5 2. Nf3 Nc6 3. d4 exd4 4. Nxd4 d5 5. Nxc6 bxc6 6. exd5 Qxd5 7. Qxd5 cxd5 8. Bb5+ Bd7 9. Bxd7+ Kxd7 10. O-O Nf6 11. b3 Bd6 12. Bb2 Rhe8 13. Nc3 Rad8 14. Rad1 c6 15. Rfe1 c5 16. Nb5 a6 17. Bxf6 gxf6 18. Nxd6 Kxd6 19. f3 Kc6 20. Rxe8 Rxe8 21. Kf2 d4 22. Re1 Rxe1 23. Kxe1 Kb5 24. a3 c4 25. Kd2 a5 26. bxc4+ Kxc4 27. f4 Kd5 28. Kd3 a4 29. g4 Kc5 30. c4 dxc3 31. Kxc3 h6 32. f5 Kb5 33. Kd4 Kc6 34. Kc4 Kb6 35. Kb4 Kb7 36. Kxa4 Ka6 37. Kb4 Kb6 38. a4 Kc7 39. Kb5 Kb7 40. Kc5 Kc7 41. a5 Kc8 42. Kd6 Kd8 43. a6 Kc8 44. a7 Kb7 45. Ke7 Ka8 46. Kxf6 Kb7 47. Kxf7 Ka8 48. Ke7 Kb7 49. f6 h5 50. gxh5 Ka8 51. f7 Kb7 52. f8=Q Ka6 53. a8=Q+ Kb6 54. Qfc8 Kb5 55. Qab7+ Ka5 56. Qca8# 1-0